 Dungeon Crawl Stone Soup version 0.20.0-6-gd3061e9 (webtiles) character file.

3048 MDvedh the Purveyor of Pain (level 9, 0/63 HPs)
             Began as a Vampire Necromancer on May 28, 2017.
             Was an Initiate of Kikubaaqudgha.
             Slain by a porcupine (12 damage)
             ... on level 8 of the Dungeon.
             The game lasted 00:20:07 (9664 turns).

MDvedh the Purveyor of Pain (Vampire Necromancer)   Turns: 9664, Time: 00:20:07

Health: 0/63       AC:  8    Str:  7      XL:     9   Next: 57%
Magic:  1/14       EV: 17    Int: 18      God:    Kikubaaqudgha [......]
Gold:   367        SH:  0    Dex: 16 (17) Spells: 2/14 levels left

rFire    . . .     SeeInvis +   A - +0 rapier
rCold    + . .     Gourm    .   (no shield)
rNeg     + + .     Faith    .   a - +0 robe
rPois    +         Spirit   .   s - +0 helmet
rElec    .         Reflect  .   (no cloak)
rCorr    .         Harm     .   j - +1 pair of gloves
MR       .....                  (no boots)
Stlth    +++++.....             (no amulet)
Regen    0.1/turn               (no ring)
MPRegen  0.2/turn               n - +3 ring of protection

@: very slightly contaminated, regenerating slowly
A: fangs 3, see invisible, unbreathing
a: Bat Form, Renounce Religion


You were on level 8 of the Dungeon.
You worshipped Kikubaaqudgha.
Kikubaaqudgha was noncommittal.
You were thirsty.

You visited 2 branches of the dungeon, and saw 9 of its levels.
You also visited: Sewer.

You collected 367 gold pieces.

Inventory:

Hand Weapons
 d - a +1 dagger of speed
 A - a +0 rapier (weapon)
Armour
 a - a +0 robe (worn)
 j - a +1 pair of gloves (worn)
 s - a +0 helmet (worn)
Jewellery
 k - an uncursed ring of flight
 n - a +3 ring of protection (right hand)
Wands
 g - a wand of flame (4/48)
 u - a wand of polymorph (12/24)
 x - a wand of random effects (23/48)
Scrolls
 c - a scroll of teleportation
 f - 5 scrolls of recharging
 v - 3 scrolls of remove curse
 w - 3 scrolls of identify
 y - a scroll of amnesia
Potions
 e - 4 potions of flight {unknown}
 h - a potion of might {unknown}
 l - a potion of ambrosia
 m - a potion of lignification {unknown}
 o - 2 potions of degeneration
 p - a potion of heal wounds {unknown}
 q - a potion of resistance
 r - 2 potions of berserk rage
 z - a potion of brilliance {unknown}
Books
 b - a book of Necromancy

   Spells                             Type                      Level
   a - Pain                           Necromancy                   1
   b - Animate Skeleton               Necromancy                   1
   c - Vampiric Draining              Necromancy                   3
   d - Regeneration                   Charms/Necromancy            3
   e - Animate Dead                   Necromancy                   4
   f - Control Undead                 Necromancy                   4
 B - a book of Changes

   Spells                             Type                      Level
   a - Beastly Appendage              Transmutation                1
   b - Sticks to Snakes               Transmutation                2
   c - Spider Form                    Transmutation/Poison         3
   d - Ice Form                       Ice/Transmutation            4
   e - Blade Hands                    Transmutation                5


   Skills:
 + Level 3.1 Fighting
 + Level 7.8 Short Blades
 + Level 7.1 Dodging
 - Level 7.2 Stealth
 - Level 3.4 Spellcasting
 - Level 8.6 Necromancy


You had 2 spell levels left.
You knew the following spells:

 Your Spells              Type           Power        Failure   Level  Hunger
a - Pain                  Necr           ####         1%          1    None
b - Animate Skeleton      Necr           N/A          1%          1    None
c - Vampiric Draining     Necr           ####......   1%          3    ###....
d - Regeneration          Chrm/Necr      ###.......   8%          3    ###....
e - Control Undead        Necr           ####......   4%          4    ####...


Dungeon Overview and Level Annotations

Branches:
Dungeon (8/15)             Temple (1/1) D:7            Lair (0/6) D:8

Altars:
Ashenzari
Cheibriados
Dithmenos
Elyvilon
Fedhas
Kikubaaqudgha
Makhleb
Nemelex Xobeh
Okawaru
Qazlal
Ru
Sif Muna
Trog
Uskayaw
Vehumet
Yredelemnul
The Shining One

Shops:
D:7 %

Annotations:
D:4 exclusion: statue, MirrMurr's ghost, amateur DsGl
D:6 exclusion: door
D:8 Grum; Maurice


Innate Abilities, Weirdness & Mutations

You heal slowly.
You have razor-sharp teeth.
You have supernaturally acute eyesight. (SInv)
You can survive without breathing.


Message History

Yummy - fresh blood!
You are feeling thirsty.
You start resting.
A porcupine is nearby!
You are too injured to fight recklessly!
Casting: Vampiric Draining
Confirm with . or Enter, or press ? or * to list all spells.
You miscast Regeneration.
You are very lightly contaminated with residual magic.
Your skin glows momentarily.
The porcupine barely misses you.
Casting: Regeneration
Confirm with . or Enter, or press ? or * to list all spells.
Aiming: Vampiric Draining
Press: ? - help, Shift-Dir - straight line, f - porcupine
Aim: a porcupine The porcupine is heavily wounded.
You feel life coursing into your body. The porcupine bites you!
You die...
Kikubaaqudgha rasps: "You have failed me!
Welcome... oblivion!"

#.#........ #.#
#.#.###.######.#.#
..................
#.#.###.###### #.#
#.#.# #.######.#.#
#.#.# #........#.#
..#.###..#######.# #
#.#.....# #.#
..........# #@# #
###.#.....# #r# ..# .
#.#.....######.####..#
# #.....##...........#
#....#.............#.#
####.#####.........#
.................#
###.####r.........#
#......#..(.(.....#


You could see a porcupine.

Vanquished Creatures
  A hippogriff (D:7)
  Eustachio (D:4)
  Menkaure (D:7)
  An orc warrior (D:7)
  2 sky beasts
  A wolf (D:8)
  4 ogres
  3 centaurs
  A big kobold (Sewer)
  4 bullfrogs
  Blork the orc (D:4)
  A gnoll sergeant (D:8)
  3 scorpions
  3 wights (D:7)
  A howler monkey (D:4)
  A crimson imp (D:7)
  A centaur zombie (D:5)
  2 bullfrog zombies
  2 orc priests (D:4)
  2 orc wizards (D:7)
  A quasit (D:7)
  A bullfrog skeleton (D:3)
  A centaur skeleton (D:4)
  2 hounds
  4 worker ants
  5 iguanas
  A hound zombie (D:6)
  A hound skeleton (D:3)
  3 gnolls (D:8)
  9 adders
  2 river rats (Sewer)
  A shadow imp (D:5)
  An adder zombie (D:7)
  2 adder skeletons
  2 worms
  5 dart slugs
  4 leopard geckos
  14 orcs
  4 giant cockroaches
  7 goblins
  3 hobgoblins (D:1)
  7 jackals
  A quokka (D:4)
  3 ball pythons
  6 bats
  5 frilled lizards
  A giant cockroach zombie (D:3)
  A jackal zombie (D:3)
  12 kobolds
  A leopard gecko skeleton (D:5)
  13 rats
159 creatures vanquished.

Vanquished Creatures (others)
  A bush (D:8)
  2 plants (D:8)
3 creatures vanquished.

Grand Total: 162 creatures vanquished

Notes
Turn   | Place    | Note
-------+----------+-------------------------------------------
     0 | D:1      | MDvedh the Vampire Necromancer began the quest for the Orb.
     0 | D:1      | Reached XP level 1. HP: 13/13 MP: 3/3
   375 | D:1      | Reached XP level 2. HP: 6/19 MP: 1/5
   675 | D:1      | Learned a level 1 spell: Animate Skeleton
  1534 | D:1      | Reached XP level 3. HP: 15/24 MP: 1/7
  1834 | D:1      | Learned a level 3 spell: Vampiric Draining
  1883 | D:1      | Reached skill level 5 in Necromancy
  2370 | D:2      | Reached XP level 4. HP: 20/30 MP: 5/9
  2817 | D:2      | Learned a level 3 spell: Regeneration
  3076 | D:3      | Reached skill level 1 in Short Blades
  3283 | D:3      | Reached XP level 5. HP: 35/35 MP: 10/10
  3653 | D:4      | Noticed Blork the orc
  3676 | D:4      | Killed Blork the orc
  3676 | D:4      | Reached skill level 5 in Stealth
  3795 | D:4      | Noticed Eustachio
  3795 | D:4      | Noticed MirrMurr's ghost (amateur DsGl)
  4026 | D:4      | Killed Eustachio
  4026 | D:4      | Reached skill level 6 in Necromancy
  4026 | D:4      | Reached XP level 6. HP: 21/41 MP: 0/11
  4083 | D:4      | Found a radiant altar of Vehumet.
  4600 | D:4      | Reached XP level 7. HP: 46/46 MP: 12/12
  5242 | D:5      | Entered Level 5 of the Dungeon
  5499 | D:5      | Reached skill level 7 in Necromancy
  5555 | D:5      | Found a glowing drain.
  5628 | Sewer    | Entered a sewer
  5650 | Sewer    | Reached skill level 5 in Short Blades
  5661 | Sewer    | Reached XP level 8. HP: 52/52 MP: 13/13
  5808 | Sewer    | Found a glowing silver altar of Zin.
  6086 | D:5      | Learned a level 4 spell: Control Undead
  7027 | D:6      | Reached skill level 8 in Necromancy
  7219 | D:6      | Found a deep blue altar of Sif Muna.
  7437 | D:7      | Reached skill level 5 in Dodging
  7507 | D:7      | Noticed Menkaure
  7513 | D:7      | Killed Menkaure
  7527 | D:7      | Found Ratud's Food Boutique.
  7662 | D:7      | Reached XP level 9. HP: 57/57 MP: 14/14
  7893 | D:7      | Reached skill level 1 in Fighting
  7984 | D:7      | Found a staircase to the Ecumenical Temple.
  7996 | Temple   | Entered the Ecumenical Temple
  8009 | Temple   | Became a worshipper of Kikubaaqudgha
  9198 | D:8      | Noticed Maurice
  9582 | D:8      | Found a staircase to the Lair.
  9589 | D:8      | Noticed Grum
  9622 | D:8      | Noticed a two-headed ogre
  9664 | D:8      | Slain by a porcupine

Skill      XL: |  1  2  3  4  5  6  7  8  9 |
---------------+----------------------------+-----
Necromancy     | 5 6 7 8 |  8.6
Spellcasting   | 3 |  3.4
Short Blades   | 1 2 3 5 6 7 |  7.8
Stealth        | 4 5 6 7 |  7.2
Dodging        | 3 5 7 |  7.1
Fighting       | 3 |  3.1

Action                   |  1- 3 |  4- 6 |  7- 9 || total
-------------------------+-------+-------+-------++-------
Melee: Dagger            |   122 |   178 |   654 ||   954
       Bite              |    16 |    20 |    59 ||    95
       Unarmed           |     1 |       |       ||     1
       Rapier            |       |       |    49 ||    49
 Cast: Pain              |    18 |     7 |     4 ||    29
       Animate Skeleton  |     1 |       |     2 ||     3
       Vampiric Draining |     1 |    12 |    38 ||    51
       Regeneration      |       |     1 |     3 ||     4
       Control Undead    |       |       |     1 ||     1
  Use: Potion            |       |     7 |     7 ||    14
       Scroll            |       |     7 |     6 ||    13
 Stab: Sleeping          |     8 |    10 |    34 ||    52
       Distracted        |       |     1 |     2 ||     3
       Betrayed ally     |       |       |     1 ||     1
  Eat: Corpse            |     3 |     2 |     3 ||     8
Armor: Robe              |    20 |    32 |   164 ||   216
Dodge: Dodged            |    63 |    93 |   400 ||   556
